 Dungeon Crawl Stone Soup version 0.29.0-13-gc9e81de378 (webtiles) character file.

Game seed: 11236558337150857438

533 keekatzer the Trooper (level 6, -1/58 HPs)
             Began as a Draconian Monk on Sept 8, 2022.
             Was a Follower of Ru.
             Slain by an orc
             ... wielding a +0 flail
              (8 damage)
             ... on level 5 of the Dungeon.
             The game lasted 00:14:05 (2960 turns).

keekatzer the Trooper (Draconian Monk)              Turns: 2960, Time: 00:14:05

Health: -1/58      AC:  7    Str: 13    XL:     6   Next: 4%
Magic:  6/6        EV: 14    Int: 11    God:    Ru [*.....]
Gold:   185        SH:  0    Dex: 15    Spells: 5/5 levels left

rFire   . . .      SeeInvis .   o - +0 hand axe (venom)
rCold   . . .      Faith    .   (no shield)
rNeg    . . .      Spirit   .   (body armour unavailable)
rPois   .          Reflect  .   (helmet restricted)
rElec   .          Harm     .   (no cloak)
rCorr   .          Rampage  .   (no gloves)
Will    .....                   c - +0 pair of boots
Stlth   ++........              (no amulet)
HPRegen 0.19/turn               (no ring)
MPRegen 0.10/turn               (no ring)

@: no status effects
A: AC +6, unfitting armour, cold-blooded, inexperienced 1
a: Renounce Religion


You were on level 5 of the Dungeon.
You worshipped Ru.
Ru was aware of your devotion.
You visited 1 branch of the dungeon, and saw 5 of its levels.

You collected 185 gold pieces.

Inventory:

Hand Weapons
 a - a +0 spear
 o - a +0 hand axe of venom (weapon)
Missiles
 i - 2 atropa-tipped darts (quivered)
 q - 3 curare-tipped darts
 w - 6 silver javelins
 x - 5 poisoned darts
Armour
 c - a +0 pair of boots (worn)
Wands
 u - a wand of mindburst (21)
Scrolls
 d - 2 scrolls of identify {unknown}
 f - a scroll of enchant weapon {unknown}
 h - a scroll of fear {unknown}
 j - 3 scrolls of enchant armour {unknown}
 k - a scroll of magic mapping {unknown}
 m - a scroll of immolation {unknown}
 p - a scroll of amnesia {unknown}
 s - 2 scrolls of poison {unknown}
 v - a scroll of torment {unknown}
Potions
 b - a potion of ambrosia
 e - a potion of berserk rage {unknown}
 g - 2 potions of attraction {unknown}
 l - 2 potions of curing {unknown}
 n - a potion of might {unknown}
 r - 3 potions of heal wounds {unknown}
 t - a potion of cancellation {unknown}


   Skills:
 + Level 6.5 Fighting
 * Level 1.4(2.4) Axes
 - Level 3.0(3.1) Polearms
 + Level 5.3 Dodging
 - Level 1.7 Stealth


You had 5 spell levels left.
You didn't know any spells.
Your spell library contained the following spells:

 Spells                   Type           Power      Damage    Failure   Level
 Magic Dart               Conj           0%         1d3       34%         1
 Searing Ray              Conj           0%         2d4       47%         2
 Dazzling Flash           Conj/Hex       0%         N/A       71%         3
 Fulminant Prism          Conj/Hex       0%         3d6       98%         4
 Agony                    Necr           0%         N/A       100%        5
 Silence                  Hex/Air        0%         N/A       100%        5


Dungeon Overview and Level Annotations

Branches:
Dungeon (5/15)             Temple (0/1) D:4

Altars:
Kikubaaqudgha
Ru
Trog
Xom


Innate Abilities, Weirdness & Mutations

Your plain brown scales are hard. (AC +6)
You cannot fit into any form of body armour.
You are cold-blooded and may be slowed by cold attacks.
You are somewhat inexperienced. (-1 XL)


Message History

* * * LOW HITPOINT WARNING * * *
Aiming: Mindburst
Press: ? - help, Shift-Dir - straight line, f/p - white imp
Aim: a white imp (severely wounded, chance to affect: 72%)
The white imp's mind is blasted!
You blow up the white imp!
An orc comes into view. It is wielding a +0 short sword.
Unknown command.
An orc comes into view. It is wielding a +0 flail.
An orc comes into view. It is wielding a +0 mace.
An orc wizard comes into view. It is wielding a +0 quarterstaff.
An orc comes into view. It is wielding a +0 club.
The orc wizard shouts!
The orc shouts! x2
You hit the orc.
The orc is moderately wounded.
You hear an angry hiss.
The orc is stunned by your conviction and fails to attack.
An orc comes into view. It is wielding a +0 club.
The orc shouts!
You hit the orc.
The orc is almost dead.
The orc closely misses you.
You slash the orc!
You kill the orc!
You barely miss the orc. The orc closely misses you.
The orc wizard casts a spell.
The orc wizard flickers and vanishes!
Deactivating autopickup; reactivate with Ctrl-A.
Unknown command.
You hit the orc.
The orc is poisoned.
You tail-slap the orc, but do no damage.
The orc is lightly wounded.
The orc closely misses you.
You hit the orc.
You tail-slap the orc, but do no damage.
The orc is almost dead.
The orc misses you.
An adder comes into view.
The orc hits you with a +0 flail!
You die...

##.## ...
#..#. ...
.... ....
... .....
#..###.....
#....!.....
#.........
#.@.......
##oo.!....
#...###..
##o{# .o.
#... ....
..S..


You could see an adder and 4 orcs.

Vanquished Creatures
  Sigmund (D:3)
  A black bear (D:3)
  A hound (D:5)
  An orc priest (D:3)
  Jessica (D:2)
  2 orc wizards
  6 adders
  A white imp (D:5)
  A dart slug (D:3)
  19 orcs
  6 ball pythons
  8 endoplasms
  2 giant cockroaches
  7 goblins (D:3)
  4 hobgoblins
  5 kobolds
  3 quokkas
  6 bats
  5 rats
80 creatures vanquished.

Vanquished Creatures (others)
  An orc (D:3)
1 creature vanquished.

Grand Total: 81 creatures vanquished

Notes
Turn   | Place    | Note
-------+----------+-------------------------------------------
     0 | D:1      | keekatzer the Draconian Monk began the quest for the Orb.
     0 | D:1      | Reached XP level 1. HP: 19/19 MP: 1/1
   258 | D:1      | Reached XP level 2. HP: 14/26 MP: 2/2
   656 | D:2      | Noticed Jessica
   670 | D:2      | Killed Jessica
   671 | D:2      | Reached skill level 4 in Fighting
   671 | D:2      | Reached XP level 3. HP: 25/33 MP: 3/3
   705 | D:2      | Found a shimmering altar of Xom.
   736 | D:2      | Found a faded altar of an unknown god.
   747 | D:2      | Prayed at the altar of an unknown god.
   747 | D:2      | Became a worshipper of Ru the Awakened
   851 | D:2      | Gained mutation: You are somewhat inexperienced. (-1 XL)
                  | [Ru sacrifice]
   851 | D:2      | Reached XP level 2. HP: 28/28 MP: 2/2
   851 | D:2      | Reached * piety under Ru
   902 | D:2      | Reached XP level 3. HP: 34/34 MP: 3/3
  1839 | D:3      | Found an ancient bone altar of Kikubaaqudgha.
  1863 | D:3      | Reached skill level 5 in Fighting
  1875 | D:3      | Reached XP level 4. HP: 21/42 MP: 4/4
  2071 | D:3      | Noticed Sigmund
  2136 | D:3      | Noticed a black bear
  2147 | D:3      | Killed a black bear
  2148 | D:3      | Reached XP level 5. HP: 38/50 MP: 5/5
  2172 | D:3      | Killed Sigmund
  2173 | D:3      | Reached skill level 6 in Fighting
  2173 | D:3      | Reached skill level 5 in Dodging
  2374 | D:3      | Found a blossoming altar of Fedhas.
  2376 | D:3      | Found an ornate altar of the Wu Jian Council.
  2376 | D:3      | Found a shimmering altar of Xom.
  2378 | D:3      | Found a snail-covered altar of Cheibriados.
  2378 | D:3      | Found an iron altar of Okawaru.
  2378 | D:3      | Found a bloodstained altar of Trog.
  2844 | D:4      | Found a staircase to the Ecumenical Temple.
  2908 | D:4      | Reached skill level 1 in Axes
  2915 | D:4      | Found a bloodstained altar of Trog.
  2932 | D:5      | Entered Level 5 of the Dungeon
  2935 | D:5      | Reached XP level 6. HP: 7/58 MP: 6/6
  2960 | D:5      | Slain by an orc

Illustrated notes

Levels and vault maps discovered:
D:1:      minmay_arrival_shattered_statue, layout_loops_ring
D:2:      layout_rooms, basic_altar, ebering_ecumenical_altar_sacrificial,
          kennysheep_generic_room_14, uniq_jessica
D:3:      kennysheep_the_goblin_king, layout_basic, lemuel_crystal_altar,
          doesnt_xom_only_xom, uniq_sigmund
D:4:      layout_loops_ring, trog_butcher_becter,
          minmay_temple_entry_stoned_glass
D:5:      layout_cave_pools, marbit_many_paths, grunt_temple_overflow_open,
          serial_shops, nicolae_shop_crystal, ebering_ghost_disaster_area

Skill      XL: |  1  2  3  4  5 |
---------------+----------------+-----
Dodging        | 3 4 5 |  5.3
Fighting       | 4 5 6 |  6.5
Axes           | 1 |  1.4
Polearms       | |  3.0
Stealth        | |  1.7

Action                   |  1- 3 |  4- 6 || total
-------------------------+-------+-------++-------
Melee: Spear             |   126 |       ||   126
       Tailslap          |    16 |    15 ||    31
       Hand axe          |    40 |    97 ||   137
       Punch             |     1 |       ||     1
Invok: Sacrifice Experie |     1 |       ||     1
Evoke: Wand              |       |     4 ||     4
 Stab: Sleeping          |     8 |     2 ||    10
       Distracted        |     1 |       ||     1
Armor: Skin              |    58 |    29 ||    87
Dodge: Dodged            |    86 |    63 ||   149
